 Dungeon Crawl Stone Soup version bcrawl-1.27.6 (webtiles) character file.

Game seed: 13842753771485969391

168271 thethe the Magician (level 6, -4/39 HPs)
             Began as a Fairy Wizard on Oct 9, 2020.
             Slain by Menkaure (14 damage)
             ... on level 4 of the Dungeon.
             The game lasted 00:04:36 (3230 turns).

thethe the Magician (Fairy Wizard)                  Turns: 3230, Time: 00:04:36

Health: -4/39      AC:  5    Str:  5    XL:     6   Next: 43%
Magic:  14/16      EV: 17    Int: 24    God:
Gold:   105        SH:  5    Dex: 10    Spells: 5/16 levels left

rFire    . . .     SeeInvis .   i - +1 dagger (drain)
rCold    . . .     Gourm    .   (shield restricted)
rNeg     . . .     Faith    .   (armour unavailable)
rPois    .         Spirit   .   b - +0 hat
rElec    .         Reflect  .   (no cloak)
rCorr    .         Harm     .   (no gloves)
MR       .....                  (no boots)
Stlth    +.........             (no amulet)
HPRegen  0.13/turn              (no ring)
MPRegen  0.15/turn              (no ring)

@: flying evasively
A: small, magic attunement, unstealthy, unfitting armour, able to fly, AC/SH +5
a: Stop Flying


You were on level 4 of the Dungeon.
You were not hungry.

You visited 1 branch of the dungeon, and saw 4 of its levels.

You collected 105 gold pieces.

Inventory:

Hand Weapons
 a - a +0 staff
 i - a +1 dagger of draining (weapon)
Armour
 b - a +0 hat (worn)
Wands
 o - a wand of acid (5)
Scrolls
 g - 4 scrolls of teleportation {unknown}
 h - a scroll of magic mapping {unknown}
 k - a scroll of noise {unknown}
 l - a scroll of remove curse {unknown}
 n - a scroll of enchant armour {unknown}
 p - a scroll of identify
 r - 3 scrolls of blinking {unknown}
 t - 2 scrolls of amnesia {unknown}
Potions
 c - a potion of might {unknown}
 d - a potion of brilliance
 f - 3 potions of curing {unknown}
 j - a potion of agility {unknown}
 m - a potion of flight {unknown}
 q - 2 potions of magic {unknown}
Comestibles
 e - 4 rations {!d}
 s - a chunk of flesh


   Skills:
 + Level 2.3 Fighting
 + Level 5.0 Dodging
 - Level 1.5 Stealth
 + Level 5.5 Spellcasting
 + Level 4.0 Conjurations
 - Level 1.1 Summonings
 - Level 1.1 Translocations


You had 5 spell levels left.
You knew the following spells:

 Your Spells              Type           Power        Failure   Level  Hunger
a - Magic Dart            Conj           ####         1%          1    None
b - Blink                 Tloc           N/A          8%          2    None
c - Conjure Flame         Conj/Fire      ###.....     11%         3    None
d - Mephitic Cloud        Conj/Pois/Air  ##......     14%         3    None
e - Call Imp              Summ           ##....       8%          2    None

Your spell library contained the following spells:

 Spells                   Type           Power        Failure   Level  Hunger
 Spider Form              Tmut/Pois      #..          26%         3    None


Dungeon Overview and Level Annotations

Branches:
Dungeon (4/12)
 Temple: D:4-7

Altars:
Ru
The Shining One

Annotations:
D:4 Menkaure


Innate Abilities, Weirdness & Mutations

Your spells do not cause hunger and MP costs are reduced by 1.
Your bright wings attract enemies. (Stealth-)
You cannot fit into any form of body armour.
Your shimmering scales are hard and can block incoming attacks. (AC +5, SH +5)
You are small and have problems with some larger weapons.
You can fly continuously.


Message History

Menkaure is heavily damaged.
Menkaure calls on the powers of darkness!
Your body is wracked with pain!
* * * LOW HITPOINT WARNING * * *
Casting: Magic Dart (safe; 1% risk of failure)
Confirm with . or Enter, or press ? or * to list all spells.
Aiming: Magic Dart (safe; 1% risk of failure)
Press: ? - help, Shift-Dir - straight line, f/p - Menkaure
Aim: Menkaure (heavily damaged, fast)
The magic dart hits Menkaure.
Menkaure is heavily damaged.
Casting: Magic Dart (safe; 1% risk of failure)
Confirm with . or Enter, or press ? or * to list all spells.
Aiming: Magic Dart (safe; 1% risk of failure)
Press: ? - help, Shift-Dir - straight line, f/p - Menkaure
Aim: Menkaure (heavily damaged, fast)
The magic dart hits Menkaure.
Menkaure is severely damaged.
Menkaure hits you!
You die...

##.##.#.# #.#####.#.#.#
#.##.#.# #...# #.#.#.#
#.##.#.#####...###..#..#
#.##.............#.# #.#
#.####............## ##.
#.# #####.......#.#
#.##########...####.#
#.......## #...# #...
######..@####.#####..###
#.#.M..)..........#
#...####.#####....#
##### #.# #.##.# #.#
#.##.## #.# #.##...
#M#####......
#.....M.##### #######.#


You could see Menkaure.

Vanquished Creatures
  An orc wizard (D:3)
  2 orc priests (D:3)
  A bullfrog skeleton (D:4)
  Natasha (D:4)
  3 worker ants
  An adder (D:2)
  An adder skeleton (D:2)
  3 worms (D:2)
  2 dart slugs (D:2)
  6 leopard geckos
  9 orcs (D:3)
  2 ball pythons
  4 bats
  4 giant cockroaches
  2 goblins
  6 hobgoblins
  3 jackals (D:2)
  9 kobolds
  A quokka (D:2)
  4 frilled lizards
  3 rats
68 creatures vanquished.

Notes
Turn   | Place    | Note
-------+----------+-------------------------------------------
     0 | D:1      | thethe the Fairy Wizard began the quest for the Orb.
     0 | D:1      | Reached XP level 1. HP: 11/11 MP: 7/7
   173 | D:1      | Reached XP level 2. HP: 17/17 MP: 9/9
   657 | D:1      | Reached XP level 3. HP: 21/21 MP: 10/10
  1159 | D:2      | Learned a level 2 spell: Blink
  1163 | D:2      | Learned a level 3 spell: Conjure Flame
  1167 | D:2      | Learned a level 3 spell: Mephitic Cloud
  1170 | D:2      | Learned a level 2 spell: Call Imp
  1205 | D:2      | Reached skill level 1 in Fighting
  1205 | D:2      | Reached XP level 4. HP: 19/28 MP: 12/12
  1519 | D:2      | Found a faded altar of an unknown god.
  2202 | D:3      | Reached skill level 5 in Spellcasting
  2202 | D:3      | Reached XP level 5. HP: 20/33 MP: 12/14
  2402 | D:3      | Found a sacrificial altar of Ru.
  2657 | D:3      | Found a glowing golden altar of the Shining One.
  2919 | D:4      | Reached XP level 6. HP: 39/39 MP: 16/16
  3054 | D:4      | Noticed Natasha
  3059 | D:4      | Killed Natasha
  3059 | D:4      | Reached skill level 5 in Dodging
  3192 | D:4      | Noticed Menkaure
  3230 | D:4      | Slain by Menkaure

Skill      XL: |  1  2  3  4  5  6 |
---------------+-------------------+-----
Dodging        | 3 4 5 |  5.0
Conjurations   | 2 3 4 |  4.0
Fighting       | 1 2 |  2.3
Spellcasting   | 5 |  5.5
Stealth        | |  1.5
Summonings     | |  1.1
Translocations | |  1.1

Action                   |  1- 3 |  4- 6 || total
-------------------------+-------+-------++-------
 Cast: Magic Dart        |    93 |   134 ||   227
       Conjure Flame     |       |     4 ||     4
  Eat: Chunk             |     1 |     6 ||     7
Armor: Skin              |     5 |     6 ||    11
Dodge: Dodged            |    13 |    34 ||    47
Block: Other             |     3 |     4 ||     7
